 Dungeon Crawl Stone Soup version 0.29-a0-824-gd827844252 (webtiles) character file.

Game seed: 12781087186032675734

85 lunkers the Chopper (level 5, -1/46 HPs)
             Began as a Meteoran Fighter on July 10, 2022.
             Slain by a gnoll
             ... wielding a +0 flail
              (5 damage)
             ... on level 4 of the Dungeon.
             The game lasted 00:03:05 (886 turns).

lunkers the Chopper (Meteoran Fighter)               Turns: 886, Time: 00:03:06

Health: -1/46      AC:  8    Str: 17    XL:     5   Next: 5%
Magic:  6/6        EV:  5    Int: 12    God:
Gold:   92         SH:  0    Dex: 13    Spells: 4/4 levels left

rFire   . . .      SeeInvis .   a - +0 war axe
rCold   . . .      Faith    .   c - +0 buckler
rNeg    . . .      Spirit   .   b - +0 scale mail
rPois   .          Reflect  .   (no helmet)
rElec   .          Harm     .   (no cloak)
rCorr   .          Rampage  .   n - +0 pair of gloves
Will    .....                   (no boots)
Stlth   ..........              (no amulet)
HPRegen 0.15/turn               (no ring)
MPRegen 0.10/turn               (no ring)

@: held, glowing
A: sense surroundings 1, otherworldly, glowing, explore regen
a: no special abilities


You were on level 4 of the Dungeon.
You visited 1 branch of the dungeon, and saw 4 of its levels.

You collected 92 gold pieces.

Inventory:

Hand Weapons
 a - a +0 war axe (weapon)
Missiles
 h - a throwing net
 k - 12 stones (quivered)
 l - 5 poisoned darts
Armour
 b - a +0 scale mail (worn)
 c - a +0 buckler (worn)
 m - a +1 hat
 n - a +0 pair of gloves (worn)
Scrolls
 e - 2 scrolls of blinking {unknown}
 i - a scroll of identify {unknown}
 j - a scroll of noise {unknown}
 o - a scroll of poison {unknown}
Potions
 d - 2 potions of might
 f - a potion of curing {unknown}
 g - 2 potions of magic {unknown}


   Skills:
 + Level 4.2 Fighting
 * Level 4.7 Axes
 - Level 3.6 Armour
 - Level 3.6 Shields


You had 4 spell levels left.
You didn't know any spells.
Your spell library contained the following spells:

 Spells                   Type           Power      Damage    Failure   Level
 Cause Fear               Hex            0%         N/A       100%        4
 Dragon Form              Tmut           0%         N/A       100%        7
 Dragon's Call            Summ           0%         N/A       100%        9


Dungeon Overview and Level Annotations

Branches:
Dungeon (4/15) Zot: 1474
 Temple: D:4-7

Altars:
Uskayaw
Vehumet

Shops:
D:2 [


Innate Abilities, Weirdness & Mutations

You passively map a small area around you.
You are easily found by Zot.
You glow in the dark.
You regain HP and MP as you explore.


Message History

The stone closely misses the howler monkey.
You slash the howler monkey!
The howler monkey is heavily wounded.
You block the howler monkey's attack. The howler monkey hits you.
You slash the howler monkey!
You kill the howler monkey!
Your Fighting skill increases to level 4!
You have reached level 5!
You climb upwards.
HP restored.
There is a stone staircase leading down here.
You climb downwards.
There is a stone staircase leading up here.
No target in view!
Found 2 black potions. 2 gnolls come into view.
The gnoll shouts! x2
A gnoll comes into view. It is wielding a +0 flail.
The gnoll moves out of view.
The gnoll throws a throwing net.
The throwing net hits you.
You become entangled in the net!
You see here a throwing net.
You struggle against the net.
You struggle against the net.
You struggle against the net.
You rip the net and break free!
The gnoll throws a throwing net.
The throwing net hits you.
You become entangled in the net!
You struggle against the net.
The gnoll hits you with a +0 flail.
You struggle against the net.
The gnoll hits you with a +0 flail.
The gnoll hits you from afar with a +0 halberd!
You struggle against the net.
The gnoll hits you with a +0 flail.
The gnoll hits you from afar with a +0 halberd!
* * * LOW HITPOINT WARNING * * *
The gnoll hits you but does no damage.
You struggle against the net.
The gnoll hits you from afar with a +0 halberd!
* * * LOW HITPOINT WARNING * * *
The gnoll hits you with a +0 flail.
* * * LOW HITPOINT WARNING * * *
The gnoll hits you with a +0 flail.
You die...

, , * , + *#+###+####
,#####+##### ,
.........# #.......... ,
...!.....# #..........
,, .........#
#.......... ,.........+
#.......... .....g...#
+..........
.......g.##+##..........
#g@.........#####.. ,
#........<..# +..
,#...........# #.. ,
#...........# ,#..
,#...........# *,
+...........+, * **
#...........# *
,##.....###+## #.....#,
,,


You could see 3 gnolls.

Vanquished Creatures
  A howler monkey (D:4)
  2 dart slugs
  2 bats (D:1)
  2 endoplasms
  4 goblins
  3 hobgoblins
  7 jackals (D:2)
  4 kobolds
  2 quokkas
  4 ball pythons
  2 frilled lizards
  6 rats
39 creatures vanquished.

Vanquished Creatures (others)
  A plant (D:3)
1 creature vanquished.

Grand Total: 40 creatures vanquished

Notes
Turn   | Place    | Note
-------+----------+-------------------------------------------
     0 | D:1      | lunkers the Meteoran Fighter began the quest for the Orb.
     0 | D:1      | Reached XP level 1. HP: 19/19 MP: 2/2
   122 | D:1      | Reached XP level 2. HP: 14/26 MP: 3/3
   327 | D:1      | Reached XP level 3. HP: 23/31 MP: 4/4
   383 | D:2      | Found Waufuip Vak's Antique Armour Emporium.
   669 | D:3      | Found a radiant altar of Vehumet.
   712 | D:3      | Found a hide-covered altar of Uskayaw.
   744 | D:2      | Reached XP level 4. HP: 36/40 MP: 5/5
   864 | D:4      | Reached XP level 5. HP: 43/46 MP: 6/6
   886 | D:4      | Slain by a gnoll

Illustrated notes

Levels and vault maps discovered:
D:1:      nagdon_arrival_double_spiral, layout_loops_ring
D:2:      layout_rooms, serial_shops, shop, minmay_strange_pillars
D:3:      layout_rooms, fedhas_altar_1,
          mainiacjoe_overflow_concentric_impassable, vehumet_crystals,
          ebering_ecumenical_altar_sacrificial
D:4:      layout_gridville, sigmund_army

Skill      XL: |  1  2  3  4 |
---------------+-------------+-----
Axes           | 3 4 |  4.7
Fighting       | 4 |  4.2
Armour         | |  3.6
Shields        | |  3.6

Action                   |  1- 3 |  4- 6 || total
-------------------------+-------+-------++-------
Melee: War axe           |    84 |    17 ||   101
Throw: Stone             |     9 |     2 ||    11
Armor: Scale mail        |    62 |     6 ||    68
Dodge: Dodged            |    35 |     4 ||    39
Block: Buckler           |    28 |     4 ||    32

Table legend: (Time is in decaauts)
 A = Elapsed time spent in this place.
 B = Non-inter-level travel time spent in this place.
 C = Inter-level travel time spent in this place.
 D = Time resting spent in this place.
 E = Time spent auto-exploring this place.
 F = Levels seen in this place.
 G = Mean time per level.
                   A        B        C        D        E       F      G
               +--------+--------+--------+--------+--------+-----+--------+
         Total |    925 |    899 |     26 |      0 |    378 |   4 |  231.2 |
       Dungeon |    925 |    899 |     26 |      0 |    378 |   4 |  231.2 |
               +--------+--------+--------+--------+--------+-----+--------+

Top non-repeatable levels by time:
     D:1: 373 daAuts
     D:2: 273 daAuts
     D:3: 195 daAuts
     D:4: 82 daAuts
